 Dungeon Sprint DCSS version 0.31.0 (webtiles) character file.

Game seed: 11608064329389211603

311 Groucho the Trooper (level 6, -1/44 HPs)
             Began as a Gargoyle Fighter on Jan 20, 2024.
             Was an Initiate of Qazlal.
             Slain by a two-headed ogre
             ... wielding a +0 giant club
              (15 damage)
             ... in the Dungeon (Sprint IX: "|||||||||||||||||||||||||||||").
             The game lasted 00:02:00 (454 turns).

Groucho the Trooper (Gargoyle Fighter)               Turns: 454, Time: 00:02:00

Health: -1/44      AC: 20    Str: 22    XL:     6   Next: 42%
Magic:  9/10       EV:  8    Int:  8    God:    Qazlal [......]
Gold:   0          SH:  5    Dex: 12    Spells: 5/5 levels left

rFire   . . .        k - +0 whip
rCold   . . .        c - +0 buckler
rNeg    + . .        o - +0 plate armour
rPois   ∞            (no helmet)
rElec   +            m - +0 cloak
rCorr   .            n - +0 pair of gloves
SInv    .            (no boots)
Will    .....        (no amulet) Stlth
                     b - +3 ring of dexterity
HPRegen 0.27/turn    p - +2 ring of evasion
MPRegen 0.12/turn

%: no teleportation
@: mighty, invisible
A: sickness immunity, AC +4, negative energy resistance 1, electricity
resistance, torment resistance 1, petrification resistance
a: Renounce Religion


You were in the Dungeon.
You worshipped Qazlal.
Qazlal was noncommittal.
You visited 1 branch

Inventory:

Hand Weapons
 k - a +0 whip (weapon)
Armour
 c - a +0 buckler (worn)
 m - a +0 cloak (worn)
 n - a +0 pair of gloves (worn)
 o - a +0 plate armour (worn)
Jewellery
 b - a +3 ring of dexterity (left hand)
 p - a +2 ring of evasion (right hand)
Wands
 l - a wand of iceblast (5)
Scrolls
 i - 2 scrolls of amnesia
 j - 2 scrolls of blinking
Potions
 e - 5 potions of curing
 f - 2 potions of heal wounds
 g - a potion of haste
 h - 4 potions of magic


   Skills:
 + Level 7.2 Fighting
 + Level 6.1 Maces & Flails
 + Level 7.2 Armour
 + Level 7.2 Shields
 + Level 6.2 Invocations
 + Level 0.0 Evocations


You had 5 spell levels left.
You didn't know any spells.
Your spell library was empty.

Dungeon Overview and Level Annotations

Branches:
Dungeon (1/1)

Altars:
Cheibriados
Dithmenos
Elyvilon
Fedhas
Gozag
Hepliaklqana
Kikubaaqudgha
Makhleb
Nemelex Xobeh
Okawaru
Qazlal
Ru
Sif Muna
Trog
Uskayaw
Vehumet
Wu Jian
Xom
Yredelemnul
Zin
The Shining One
Jiyva
Lugonu


Innate Abilities, Weirdness & Mutations

You are immune to sickness and miasma.
Your stone body is resilient. (AC +4)
You are immune to poison.
You resist negative energy. (rN+)
You are resistant to electric shocks. (rElec)
You are resistant to unholy torment.
You are immune to petrification.


Message History

The two-headed ogre is heavily wounded.
Unknown command.
Unknown command.
Unknown command.
Unknown command.
You hit the two-headed ogre.
The two-headed ogre is heavily wounded.
You barely miss the two-headed ogre.
The two-headed ogre is heavily wounded.
The two-headed ogre hits you with a +0 giant club.
The two-headed ogre hits you but does no damage.
You barely miss the two-headed ogre.
The two-headed ogre is heavily wounded.
The two-headed ogre hits you with a +0 giant club!
The two-headed ogre hits you but does no damage.
You hit the two-headed ogre but do no damage.
The two-headed ogre is heavily wounded.
You barely miss the two-headed ogre.
The two-headed ogre is heavily wounded.
The two-headed ogre hits you but does no damage.
The two-headed ogre closely misses you.
Unknown command.
Unknown command.
You fade into invisibility!
You feel very mighty all of a sudden. The two-headed ogre barely misses you.
The two-headed ogre hits you with a +0 giant club.
You catch the helpless two-headed ogre completely off-guard!
You whack the two-headed ogre!
The two-headed ogre is severely wounded.
The two-headed ogre hits you with a +0 giant club!
You block the two-headed ogre's attack.
You whack the two-headed ogre!
The two-headed ogre is almost dead.
Unknown command.
Unknown command.
You feel much better.
The two-headed ogre hits you with a +0 giant club!!
The two-headed ogre hits you with a +0 giant club!
You die...

▓.▓
▓.▓
▓.▓
▓D▓
▓z▓
▓y▓
▓O▓
▓@▓
▓.▓
▓[▓
▓.▓
▓.▓
▓.▓
▓)▓
▓.▓
▓.▓


You could see a two-headed ogre (unable to see you), a hornet (unable to see
you), an acid dragon (unable to see you) and a wight (unable to see you).

Vanquished Creatures
  An ogre (D)
  2 gnoll sergeants (D)
  A scorpion (D)
  A hound (D)
  An adder (D)
  A white imp (D)
  A bat (D)
  A goblin (D)
  2 kobolds (D)
  A rat (D)
12 creatures vanquished.

Notes
Turn   | Place    | Note
-------+----------+-------------------------------------------
     0 | D        | Groucho the Gargoyle Fighter began the quest for the Orb.
     0 | D        | Reached XP level 1. HP: 14/14 MP: 1/1
    16 | D        | Reached skill level 1 in Invocations
   208 | D        | Noticed a scorpion
   208 | D        | Noticed a hound
   208 | D        | Noticed an ogre
   213 | D        | Reached XP level 2. HP: 20/20 MP: 3/3
   218 | D        | Killed an ogre
   219 | D        | Reached skill level 5 in Fighting
   219 | D        | Reached skill level 5 in Armour
   219 | D        | Reached skill level 5 in Shields
   219 | D        | Reached XP level 3. HP: 26/26 MP: 3/6
   219 | D        | Reached XP level 4. HP: 31/31 MP: 3/7
   233 | D        | Reached XP level 5. HP: 36/36 MP: 3/8
   237 | D        | Reached skill level 5 in Maces & Flails
   237 | D        | Reached skill level 5 in Invocations
   368 | D        | Found a snail-covered altar of Cheibriados.
   368 | D        | Found a shadowy altar of Dithmenos.
   368 | D        | Found a white marble altar of Elyvilon.
   368 | D        | Found a blossoming altar of Fedhas.
   368 | D        | Found an opulent altar of Gozag.
   369 | D        | Found a hazy altar of Hepliaklqana.
   370 | D        | Found a viscous altar of Jiyva.
   371 | D        | Found an ancient bone altar of Kikubaaqudgha.
   372 | D        | Found a corrupted altar of Lugonu.
   373 | D        | Found a burning altar of Makhleb.
   374 | D        | Found a sparkling altar of Nemelex Xobeh.
   375 | D        | Found an iron altar of Okawaru.
   376 | D        | Found a stormy altar of Qazlal.
   377 | D        | Found a sacrificial altar of Ru.
   378 | D        | Found a shimmering blue altar of Sif Muna.
   379 | D        | Found a bloodstained altar of Trog.
   380 | D        | Found a hide-covered altar of Uskayaw.
   381 | D        | Found a radiant altar of Vehumet.
   382 | D        | Found an ornate altar of the Wu Jian Council.
   383 | D        | Found a shimmering altar of Xom.
   384 | D        | Found a basalt altar of Yredelemnul.
   386 | D        | Became a worshipper of Qazlal Stormbringer
   388 | D        | Found a glowing silver altar of Zin.
   389 | D        | Found a glowing golden altar of the Shining One.
   439 | D        | Noticed an acid dragon
   439 | D        | Noticed a hornet
   439 | D        | Noticed a two-headed ogre
   443 | D        | Reached XP level 6. HP: 44/44 MP: 8/10
   454 | D        | Slain by a two-headed ogre

Illustrated notes

Levels and vault maps discovered:
D:        linesprint [early_d, line_temple, items_1, d_10, items_2, lair_1,
          lair_end, items_3, orc_1, orc_end, items_4, d_15, swamp_1, shoals_1,
          snake_1, spider_1, d_20, vaults_1, items_5, swamp_end, shoals_end,
          snake_end, spider_end, vaults_end, d_27, items_6, zot_1, zot_end,
          crypt_end, forest_end, elf_end, slime_end, tomb_end, abyss_end,
          pan_hell_end]

Skill      XL: |  1  2  3  4  5 |
---------------+----------------+-----
Invocations    | 2 4 6 |  6.2
Fighting       | 4 5 7 |  7.2
Armour         | 4 5 7 |  7.2
Shields        | 4 5 7 |  7.2
Maces & Flails | 4 6 |  6.1

Action                     |  1- 3 |  4- 6 || total
---------------------------+-------+-------++-------
  Melee: Flail             |    14 |       ||    14
         Whip              |     9 |    25 ||    34
  Evoke: Wand              |       |     5 ||     5
    Use: Potion            |     1 |     3 ||     4
   Stab: Invisible         |       |     1 ||     1
 Armour: Scale mail        |    13 |     7 ||    20
         Plate armour      |       |    10 ||    10
  Dodge: Dodged            |     5 |     7 ||    12
  Block: Buckler           |     6 |     4 ||    10
